 Dungeon Crawl Stone Soup version 0.24-a0-203-gf0bc1e94ae (webtiles) character file.

Game seed: 6431510217708076388

1554 MrRokkomies the Insei (level 8, -8/58 HPs)
             Began as a Demigod Transmuter on Mar 28, 2019.
             Mangled by an orc warrior
             ... wielding a +0 trident
              (19 damage)
             ... on level 6 of the Dungeon.
             The game lasted 00:17:34 (4505 turns).

MrRokkomies the Insei (Demigod Transmuter)          Turns: 4505, Time: 00:17:38

Health: -8/58      AC:  2    Str: 13    XL:     8   Next: 32%
Magic:  11/13      EV: 21    Int: 19    God:
Gold:   307        SH:  0    Dex: 25    Spells: 4/10 levels left

rFire    . . .     SeeInvis .     - Unarmed
rCold    . . .     Gourm    .   (shield currently unavailable)
rNeg     . . .     Faith    .   (armour currently unavailable)
rPois    x         Spirit   .   (helmet currently unavailable)
rElec    .         Reflect  .   (cloak currently unavailable)
rCorr    .         Harm     .   (gloves currently unavailable)
MR       .....                  (boots currently unavailable)
Stlth    ++........             p - amulet of regeneration
HPRegen  0.59/turn              g - +2 ring of intelligence
MPRegen  0.13/turn              (no ring)

@: spider-form (expiring), studying Charms
A: tiny, high mp 1
a: End Transformation


You were on level 6 of the Dungeon.
You were not hungry.
You were a venomous arachnid creature.
You visited 1 branch of the dungeon, and saw 6 of its levels.

You collected 307 gold pieces.

Inventory:

Hand Weapons
 b - a +0 shortbow
 j - a +0 hunting sling
Missiles
 a - 95 arrows
 f - 32 sling bullets
 q - a tomahawk of dispersal (quivered)
Armour
 e - a +0 robe
 h - a cursed +0 helmet (melded)
 k - a +1 cloak (melded)
 s - the +5 ring mail "Rafaev" (melded) {rElec}
   (You found it on level 5 of the Dungeon)

   It insulates you from electricity.
 w - a +0 shield
Magical Staves
 u - an uncursed staff of summoning
Jewellery
 g - a +2 ring of intelligence (left front leg)
 p - an amulet of regeneration (around neck)
Scrolls
 c - 3 scrolls of amnesia
 i - 3 scrolls of remove curse
 t - a scroll of fog
 x - 3 scrolls of enchant armour
Potions
 l - 2 potions of agility {unknown}
 m - a potion of mutation {unknown}
 n - a potion of lignification
 o - a potion of cancellation {unknown}
 r - a potion of brilliance {unknown}
 v - a potion of haste {unknown}
Books
 y - a manual of Charms
Comestibles
 d - 8 rations
 z - a chunk of flesh


   Skills:
 - Level 0.8 Fighting
 * Level 2.2 Dodging
 - Level 1.0 Shields
 * Level 7.5 Unarmed Combat
 - Level 1.7 Spellcasting
 - Level 5.1 Transmutations
 - Level 4.4 Poison Magic


You had 4 spell levels left.
You knew the following spells:

 Your Spells              Type           Power        Failure   Level  Hunger
a - Beastly Appendage     Tmut           ###...       9%          1    #......
b - Sticks to Snakes      Tmut           ###.....     11%         2    ###....
c - Spider Form           Tmut/Pois      ###.......   21%         3    ###....

Your spell library contained the following spells:

 Spells                   Type           Power        Failure   Level  Hunger
 Ice Form                 Ice/Tmut       ##......     73%         4    #####..
 Blade Hands              Tmut           ###.......   73%         5    ######.


Dungeon Overview and Level Annotations

Branches:
Dungeon (6/15)             Temple (0/1) D:5

Shops:
D:5 *

Annotations:
D:5 3 runed translucent doors, Yosebu's ghost, novice GrGl


Innate Abilities, Weirdness & Mutations

You have an increased reservoir of magic. (+10% MP)


Message History

You kill the centaur!
Your Dodging skill increases to level 2!
The orc warrior hits you from afar with a +0 trident!
The orc barely misses you. The orc misses you.
You hit the orc warrior.
The orc warrior is poisoned.
The orc warrior is lightly wounded.
You bite the orc!
You kill the orc!
Your transformation is almost over.
The orc hits you.
The orc warrior hits you with a +0 trident!
* * * LOW HITPOINT WARNING * * *
You hit the orc warrior.
The orc warrior looks as sick as possible!
The orc warrior is heavily wounded.
The orc hits you.
* * * LOW HITPOINT WARNING * * *
The orc warrior hits you with a +0 trident!!
You die...

#........#
..##........# #
#.#.........# ##.
.........### . #
..###.###...# .. .#.
#.. #...#..# ... ..#
#.###..#.## .r. #.#
#.#.#.#o#
#..###[###.###so#
#.#.# #.#.#.#.o##
##.#..###รท###)..#
##..#...#...#..#.#
.....###.###..##.#
##.#...........#.#
...#.##..>#.##.#.#
.....##...#.##.#.###
......#...#........###


You could see an orc warrior and 2 orcs.

Vanquished Creatures
  Pikel (D:5)
  Sigmund (D:2)
  An ice beast (D:5)
  2 phantoms
  An ogre (D:6)
  2 centaurs (D:6)
  Blork the orc (D:5)
  2 orc priests
  An orc wizard (D:6)
  2 hounds
  A jelly (D:5)
  An iguana (D:4)
  2 worker ants
  A worker ant zombie (D:5)
  An adder (D:3)
  3 gnolls (D:4)
  A shadow imp (D:5)
  An ooze (D:1)
  3 worms
  3 dart slugs
  5 leopard geckos
  15 orcs
  A ball python (D:1)
  4 giant cockroaches
  12 goblins
  5 hobgoblins
  6 jackals
  7 kobolds
  2 quokkas
  7 bats
  8 frilled lizards
  A jackal skeleton (D:4)
  A leopard gecko skeleton (D:5)
  A quokka zombie (D:5)
  6 rats
112 creatures vanquished.

Notes
Turn   | Place    | Note
-------+----------+-------------------------------------------
     0 | D:1      | MrRokkomies the Demigod Transmuter began the quest for the
                  | Orb.
     0 | D:1      | Reached XP level 1. HP: 15/15 MP: 5/5
   126 | D:1      | Reached skill level 3 in Unarmed Combat
   270 | D:1      | Reached XP level 2. HP: 21/22 MP: 5/7
   730 | D:1      | Reached XP level 3. HP: 27/27 MP: 6/8
   783 | D:1      | Learned a level 2 spell: Sticks to Snakes
   805 | D:2      | Noticed Sigmund
   825 | D:2      | Killed Sigmund
   825 | D:2      | Reached skill level 4 in Unarmed Combat
   825 | D:2      | Reached XP level 4. HP: 8/34 MP: 4/9
  1296 | D:2      | Found an iron altar of Okawaru.
  1341 | D:2      | Learned a level 3 spell: Spider Form
  1351 | D:2      | Reached XP level 5. HP: 32/39 MP: 10/10
  1495 | D:2      | Found a stormy altar of Qazlal.
  2540 | D:4      | Reached XP level 6. HP: 28/46 MP: 11/11
  3052 | D:4      | Reached skill level 5 in Unarmed Combat
  3120 | D:4      | HP: 1/46 [iguana (10)]
  3492 | D:5      | Entered Level 5 of the Dungeon
  3512 | D:5      | Reached skill level 5 in Transmutations
  3582 | D:5      | Reached skill level 1 in Shields
  3634 | D:5      | Found Sicasuew's Assorted Antiques.
  3666 | D:5      | Reached XP level 7. HP: 51/51 MP: 12/12
  3767 | D:5      | Found a staircase to the Ecumenical Temple.
  3778 | D:5      | Got an ichor-stained ring mail
  3789 | D:5      | Identified the +5 ring mail "Rafaev" {rElec} (You found it
                  | on level 5 of the Dungeon)
  3869 | D:5      | Found a runed translucent gate.
  3870 | D:5      | Found a runed translucent gate.
  3871 | D:5      | Found a runed translucent gate.
  3872 | D:5      | Identified the +8 whip "Estrirrir" {venom, rN++}
  3872 | D:5      | Noticed Yosebu's ghost (novice GrGl)
  3877 | D:5      | Found a roughly hewn altar of Beogh.
  3904 | D:5      | Noticed Pikel
  3915 | D:5      | Killed Pikel
  3915 | D:5      | Reached skill level 6 in Unarmed Combat
  4028 | D:5      | Noticed Blork the orc
  4037 | D:5      | Killed Blork the orc
  4228 | D:6      | Reached XP level 8. HP: 42/58 MP: 11/13
  4248 | D:6      | Reached skill level 7 in Unarmed Combat
  4505 | D:6      | Mangled by an orc warrior

Levels and vault maps discovered:
D:1:      psy_arrival_statuary, layout_loops_cross, minmay_crystal_water
D:2:      layout_rooms, grunt_qazlal_sundering, kennysheep_okawaru_gauntlet,
          uniq_sigmund
D:3:      layout_loops_ring
D:4:      layout_basic, first_ration
D:5:      layout_basic, temple_green, serial_shops,
          nicolae_shop_overgrown_old_shop, biasface_ghost_orc_armoury,
          uniq_blork_the_orc, uniq_pikel
D:6:      layout_basic, hex_medium, minmay_manual_mail

Skill      XL: |  1  2  3  4  5  6  7  8 |
---------------+-------------------------+-----
Transmutations | 2 3 4 5 |  5.1
Unarmed Combat | 3 4 5 6 7 |  7.5
Shields        | 1 |  1.0
Poison Magic   | 3 4 |  4.4
Dodging        | 2 |  2.2
Fighting       | |  0.8
Spellcasting   | |  1.7

Action                   |  1- 3 |  4- 6 |  7- 9 || total
-------------------------+-------+-------+-------++-------
Melee: Unarmed           |    80 |   219 |    73 ||   372
       Kick              |     8 |    57 |    17 ||    82
       Headbutt          |     5 |       |       ||     5
       Punch             |       |     4 |       ||     4
 Fire: Hunting sling     |       |    16 |       ||    16
       Shortbow          |       |       |    11 ||    11
Throw: Tomahawk          |       |     3 |       ||     3
 Cast: Beastly Appendage |    12 |    21 |     6 ||    39
       Sticks to Snakes  |     2 |     3 |       ||     5
       Spider Form       |       |       |     3 ||     3
  Use: Scroll            |     5 |     5 |     1 ||    11
       Potion            |       |     1 |     2 ||     3
 Stab: Distracted        |     1 |       |       ||     1
       Sleeping          |       |     3 |       ||     3
  Eat: Chunk             |       |     9 |     1 ||    10
       Ration            |       |       |     1 ||     1
Armor: Robe              |    26 |    40 |       ||    66
       Ring mail         |       |       |    23 ||    23
       Skin              |       |       |    10 ||    10
Dodge: Dodged            |    61 |   115 |    43 ||   219
Block: Shield            |       |    10 |       ||    10

Table legend:
 A = Non-vault XP
 B = Vault XP
 C = Vault XP percentage of total XP
 D = Non-vault monster count
 E = Vault monster count
 F = Vault count percentage of total count
                 A         B        C        D         E       F
            +---------+---------+-------+---------+---------+-------
      Total |     930 |    1290 |  58.1 |     102 |      10 |   8.9
            +---------+---------+-------+---------+---------+-------
        D:1 |      53 |       0 |   0.0 |      26 |       0 |   0.0
        D:2 |      37 |     160 |  81.2 |      18 |       3 |  14.3
        D:3 |     188 |       0 |   0.0 |      30 |       0 |   0.0
        D:4 |     239 |       0 |   0.0 |      10 |       0 |   0.0
        D:5 |     246 |     725 |  74.7 |      11 |       2 |  15.4
        D:6 |     167 |     405 |  70.8 |       7 |       5 |  41.7
            +---------+---------+-------+---------+---------+-------
